 Dungeon Crawl Stone Soup version 0.31.0-2-g5a2aebc5c2 (webtiles) character file.

Game seed: 5448055576269405613

231 gelatine the Shooter (level 5, -4/42 HPs)
             Began as a Demonspawn Hunter on Jan 20, 2024.
             Killed by divine providence
             ... invoked by an orc priest
              (12 damage)
             ... on level 4 of the Dungeon.
             The game lasted 00:05:00 (2278 turns).

gelatine the Shooter (Demonspawn Hunter)            Turns: 2278, Time: 00:05:00

Health: -4/42      AC: 13    Str: 11    XL:     5   Next: 73%
Magic:  5/5        EV: 12    Int: 10    God:
Gold:   245        SH:  0    Dex: 18    Spells: 4/4 levels left

rFire   . . .        a - +0 shortbow
rCold   . . .        (shield currently unavailable)
rNeg    . . .        c - +0 leather armour
rPois   .            (helmet restricted)
rElec   .            (no cloak)
rCorr   .            (no gloves)
SInv    .            (no boots)
Will    +....        (no amulet)
Stlth   ++           m - +4 ring of protection
HPRegen 0.27/turn    o - +4 ring of protection
MPRegen 0.09/turn

%: no passive effects
@: attractive, enlightened, flying
A: horns 1, rugged brown scales 2, powered by pain 1
a: no special abilities


You were on level 4 of the Dungeon.
You visited 1 branch of the dungeon, and saw 4 of its levels.

You collected 245 gold pieces.

Inventory:

Hand Weapons
 a - a +0 shortbow (weapon)
 s - a +0 sling
Armour
 c - a +0 leather armour (worn)
Jewellery
 m - a +4 ring of protection (left hand)
 o - a +4 ring of protection (right hand)
Scrolls
 b - 3 scrolls of butterflies
 g - a scroll of fog
 h - a scroll of teleportation
 j - a scroll of silence {unknown}
 k - a scroll of amnesia
 q - a scroll of fear {unknown}
 t - a scroll of vulnerability {unknown}
Potions
 d - a potion of enlightenment
 l - 2 potions of haste {unknown}
 n - 2 potions of heal wounds {unknown}
 p - a potion of brilliance {unknown}
 r - a potion of might {unknown}


   Skills:
 + Level 2.9 Fighting
 + Level 5.7 Ranged Weapons
 + Level 1.3 Armour
 + Level 1.9 Dodging
 + Level 1.0 Stealth


You had 4 spell levels left.
You didn't know any spells.
Your spell library was empty.

Dungeon Overview and Level Annotations

Branches:
Dungeon (4/15)
 Temple: D:4-7

Altars:
Nemelex Xobeh
Okawaru

Shops:
D:1 ?==(


Innate Abilities, Weirdness & Mutations

You have a pair of small horns on your head.
You are mostly covered in rugged brown scales. (AC +2, +5% HP)
You sometimes gain a little power by taking damage.


Message History

You shoot an arrow. The arrow hits the orc!
You kill the orc!
Something hits you but does no damage.
You shoot an arrow. The arrow hits the orc.
You kill the orc!
Something hits you.
You shoot an arrow.
The arrow hits the orc priest but does no damage.
Something hits you.
You shoot an arrow.
The orc priest calls down the wrath of Beogh upon you.
Beogh smites you! Something hits you.
You are too injured to fight recklessly!
You are too injured to fight recklessly!
You are too injured to fight recklessly!
Unknown command.
You shoot an arrow. The arrow hits the orc priest.
The orc priest is lightly wounded.
Something hits you but does no damage.
You shoot an arrow. The arrow barely misses the orc priest.
The arrow hits the orc but does no damage.
An orc wizard appears from thin air!
Reactivating autopickup.
The orc priest begins to cast a cantrip, but forgets the words!
The orc wizard points at you and mumbles some strange words.
The magic dart hits you but does no damage.
The orc wizard gestures at you while chanting.
The magic dart hits you!
* * * LOW HITPOINT WARNING * * *
You shoot an arrow. The arrow hits the orc wizard!
You kill the orc wizard!
It was a potion of enlightenment.
You feel very buoyant.
You fly up into the air.
The orc priest looks satisfied for a moment.
It was a potion of attraction.
You feel attractive to monsters.
The orc priest mumbles some strange prayers to Beogh against you.
Beogh smites you!
You die...

........o.
....#.#.#
#.#.#...
#...... .....
.o. #o# #o#
#@# #.###
#...# #.# ##.
# ###.# #.#
#<.
.#.#####.#
#.# #.#
.........#
#.# #.#
.........#
#.# #.#
...####.##
#.# #.#
##.####.###.#


You could see 2 orc priests and an orc.

Vanquished Creatures
  Natasha (thrice) (D:2)
  2 orc wizards
  An adder (D:2)
  2 dart slugs
  12 orcs
  6 endoplasms
  2 giant cockroaches (D:1)
  16 goblins
  9 hobgoblins
  A quokka (D:1)
  4 ball pythons
  8 bats
  3 frilled lizards
  6 kobolds
  5 rats
80 creatures vanquished.

Notes
Turn   | Place    | Note
-------+----------+-------------------------------------------
     0 | D:1      | gelatine the Demonspawn Hunter began the quest for the Orb.
     0 | D:1      | Reached XP level 1. HP: 16/16 MP: 1/1
    53 | D:1      | Found Eduahaon's Magic Scroll Boutique.
    87 | D:1      | Reached skill level 4 in Ranged Weapons
    89 | D:1      | Gained mutation: You are partially covered in rugged brown
                  | scales. (AC +1, +3% HP) [demonic ancestry]
    89 | D:1      | Reached XP level 2. HP: 14/22 MP: 2/2
   241 | D:1      | Found Uwyg's Jewellery Shop.
   248 | D:1      | Found Simaytoi's Antique Weapon Shoppe.
   388 | D:1      | Gained mutation: You sometimes gain a little power by
                  | taking damage. [demonic ancestry]
   388 | D:1      | Reached XP level 3. HP: 27/27 MP: 3/3
   416 | D:1      | Found Jerealogh's Jewellery Emporium.
  1153 | D:2      | Noticed Natasha
  1157 | D:2      | Killed Natasha
  1212 | D:2      | Gained mutation: You are mostly covered in rugged brown
                  | scales. (AC +2, +5% HP) [demonic ancestry]
  1212 | D:2      | Reached XP level 4. HP: 28/35 MP: 4/4
  1339 | D:2      | Noticed Natasha
  1346 | D:2      | Killed Natasha
  1347 | D:2      | Reached skill level 5 in Ranged Weapons
  1410 | D:2      | Noticed Natasha
  1418 | D:2      | Killed Natasha
  1586 | D:3      | Reached skill level 1 in Armour
  1596 | D:3      | Gained mutation: You have a pair of small horns on your
                  | head. [demonic ancestry]
  1596 | D:3      | Reached XP level 5. HP: 27/42 MP: 5/5
  1870 | D:3      | Found a faded altar of an unknown god.
  1932 | D:3      | Found an iron altar of Okawaru.
  2006 | D:3      | Found a sparkling altar of Nemelex Xobeh.
  2016 | D:3      | Reached skill level 1 in Stealth
  2278 | D:4      | Killed from afar by an orc priest

Illustrated notes

Levels and vault maps discovered:
D:1:      kennysheep_arrival_seaside, layout_basic, serial_shops,
          nicolae_shop_gaudy_bauble, shop, nicolae_shop_pleasant_corner_grove,
          nicolae_shop_tiny_real_fake_doors
D:2:      layout_basic, uniq_natasha
D:3:      cheibrodos_greedy_goblins, layout_basic, mainiacjoe_overflow_24_doors,
          mainiacjoe_overflow_catwalk, shapermc_ecumenical_altar_hornbeckon
D:4:      layout_loops_ring, mainiacjoe_overflow_boulevard,
          mainiacjoe_overflow_chevrons, marbit_many_paths, elyvilon_altar_3,
          temple_doors_cd, gammafunk_ghost_icy, enter_ossuary_2

Skill      XL: |  1  2  3  4  5 |
---------------+----------------+-----
Ranged Weapons | 4 5 |  5.7
Armour         | 1 |  1.3
Stealth        | 1 |  1.0
Fighting       | |  2.9
Dodging        | |  1.9

Action                     |  1- 3 |  4- 6 || total
---------------------------+-------+-------++-------
   Fire: Shortbow          |    87 |   126 ||   213
    Use: Scroll            |       |     4 ||     4
         Potion            |       |     2 ||     2
 Armour: Leather armour    |    12 |    56 ||    68
  Dodge: Dodged            |    14 |    27 ||    41
